 Dungeon Crawl Stone Soup version 0.31-a0-325-g067879e3d3 (webtiles) character file.

Game seed: 8314482254121979500

35 Grim the Trooper (level 3, -1/40 HPs)
             Began as an Ogre Berserker on July 18, 2023.
             Was a Follower of Trog.
             Slain by an orc
             ... wielding a +0 dagger
              (2 damage)
             ... on level 3 of the Dungeon.
             The game lasted 00:01:55 (1594 turns).

Grim the Trooper (Ogre Berserker)                   Turns: 1594, Time: 00:01:57

Health: -1/40      AC:  8    Str: 21    XL:     3   Next: 33%
Magic:  3/3        EV:  9    Int: 10    God:    Trog [*.....]
Gold:   52         SH:  0    Dex:  8    Spells: 2/2 levels left

rFire   . . .        a - +0 mace
rCold   . . .        (no shield)
rNeg    . . .        o - +0 swamp dragon scales
rPois   +            (helmet restricted)
rElec   .            (no cloak)
rCorr   .            (gloves unavailable)
SInv    .            (boots unavailable)
Will    .....        (no amulet) Stlth
                     (no ring)
HPRegen 0.26/turn    (no ring)
MPRegen 0.08/turn

%: no passive effects
@: on berserk cooldown, slowed, very slow
A: large, unfitting armour, tough skin 1
a: Renounce Religion, Berserk


You were on level 3 of the Dungeon.
You worshipped Trog.
Trog was aware of your devotion.
You visited 1 branch of the dungeon, and saw 3 of its levels.

You collected 52 gold pieces.

Inventory:

Hand Weapons
 a - a +0 mace (weapon)
Armour
 b - a +0 animal skin
 o - +0 swamp dragon scales (worn)
Jewellery
 f - a +6 ring of strength
 g - a ring of flight
 i - an amulet of faith
 l - a ring of ice
 n - a ring of magical power
Scrolls
 c - 2 scrolls of teleportation {unknown}
 d - a scroll of fear {unknown}
 h - a scroll of identify {unknown}
 m - a scroll of blinking {unknown}
 p - a scroll of immolation {unknown}
Potions
 e - 2 potions of curing {unknown}
 j - 2 potions of degeneration {unknown}
 k - a potion of attraction {unknown}


   Skills:
 + Level 4.5 Fighting
 * Level 3.3 Maces & Flails
 + Level 3.0 Dodging


You had 2 spell levels left.
You didn't know any spells.
Your spell library was empty.

Dungeon Overview and Level Annotations

Branches:
Dungeon (3/15)

Altars:
Hepliaklqana
Vehumet
Yredelemnul


Innate Abilities, Weirdness & Mutations

You are too large for most types of armour.
You have tough skin. (AC +1)


Message History

* * * LOW HITPOINT WARNING * * *
You barely miss the orc.
The orc is heavily wounded.
The orc hits you with a +0 morningstar.
* * * LOW HITPOINT WARNING * * *
The orc hits you but does no damage. The orc barely misses you. x2
The orc hits you but does no damage.
You barely miss the orc.
The orc is heavily wounded.
The orc hits you with a +0 club.
* * * LOW HITPOINT WARNING * * *
The orc hits you with a +0 morningstar.
* * * LOW HITPOINT WARNING * * *
The orc barely misses you. The orc completely misses you.
The orc hits you but does no damage. The giant cockroach barely misses you.
You barely miss the orc.
The giant cockroach bites you but does no damage.
Unknown command.
You sock the giant cockroach!
You kill the giant cockroach!
Trog accepts your kill.
The orc hits you from afar with a +0 trident!
* * * LOW HITPOINT WARNING * * *
The orc barely misses you. The orc hits you but does no damage.
The orc hits you with a +0 morningstar!
* * * LOW HITPOINT WARNING * * *
The orc hits you with a +0 short sword.
* * * LOW HITPOINT WARNING * * *
The orc hits you with a +0 trident.
* * * LOW HITPOINT WARNING * * *
The orc hits you with a +0 short sword.
* * * LOW HITPOINT WARNING * * *
There is a stone staircase leading up, spattered with blood here.
You feel a strong urge to attack something.
You are no longer berserk.
You are exhausted.
You feel yourself slow down. The orc hits you with a +0 trident.
* * * LOW HITPOINT WARNING * * *
The orc hits you with a +0 dagger.
You die...

#.# ### # #.# # #####
#.# # #.[.# #.# ###
###...####.#### #..
###..../..#.....# #.#
.......o..#(....######.#
#.....ooo...............
.......@o.......######.#
#.###...#.......# #.#
##.#......### #.#
#........# #.#
#.........# #.#
##.......## #.#
.#......# ... ##......
##.#..


You could see 5 orcs.

Vanquished Creatures
  2 dart slugs
  2 endoplasms
  3 giant cockroaches
  3 hobgoblins
  3 jackals (D:2)
  2 quokkas (D:1)
  2 ball pythons
  4 bats
  A frilled lizard (D:2)
  4 kobolds
  2 rats
28 creatures vanquished.

Notes
Turn   | Place    | Note
-------+----------+-------------------------------------------
     0 | D:1      | Grim the Ogre Berserker began the quest for the Orb.
     0 | D:1      | Reached XP level 1. HP: 24/24 MP: 1/1
   311 | D:1      | Reached XP level 2. HP: 32/32 MP: 2/2
   319 | D:1      | Found a faded altar of an unknown god.
   956 | D:2      | Reached XP level 3. HP: 40/40 MP: 3/3
  1147 | D:2      | Found a basalt altar of Yredelemnul.
  1418 | D:3      | Found a hazy altar of Hepliaklqana.
  1418 | D:3      | Found a basalt altar of Yredelemnul.
  1419 | D:3      | Found a radiant altar of Vehumet.
  1594 | D:3      | HP: 1/40 [orc/+0 trident (2)]
  1594 | D:3      | Slain by an orc

Illustrated notes

Levels and vault maps discovered:
D:1:      saegor_arrival_under_anarchy, layout_loops_ring,
          dreamdust_ecumenical_altar_statues
D:2:      layout_basic, basic_altar
D:3:      layout_loops_ring, chequers_temple_overflow_statue_of_worship,
          minmay_misc_feat_rugged, serial_bayou_pond_b,
          nicolae_figureground_pulse

Skill      XL: |  1  2 |
---------------+-------+-----
Maces & Flails | 3 |  3.3
Dodging        | 3 |  3.0
Fighting       | |  4.5

Action                     || total
---------------------------++-------
  Melee: Mace              ||    82
         Punch             ||     1
 Invoke: Berserk           ||     2
 Armour: Animal skin       ||    29
         Swamp dragon scal ||     9
  Dodge: Dodged            ||    52

Table legend: (Time is in decaauts)
 A = Elapsed time spent in this place.
 B = Non-inter-level travel time spent in this place.
 C = Inter-level travel time spent in this place.
 D = Time resting spent in this place.
 E = Time spent auto-exploring this place.
 F = Levels seen in this place.
 G = Mean time per level.
                   A        B        C        D        E       F      G
               +--------+--------+--------+--------+--------+-----+--------+
         Total |   1620 |   1580 |     40 |    237 |   1106 |   3 |  540.0 |
       Dungeon |   1620 |   1580 |     40 |    237 |   1106 |   3 |  540.0 |
               +--------+--------+--------+--------+--------+-----+--------+

Top non-repeatable levels by time:
     D:1: 816 daAuts
     D:2: 600 daAuts
     D:3: 203 daAuts
